 Dungeon Crawl Stone Soup version 0.20-a0-548-g4f8a798 (webtiles) character file.

61384 HEYYEYAAE the Bludgeoner (level 14, -4/122 HPs)
             Began as a Troll Berserker on Feb 1, 2017.
             Was an Elder of Trog.
             Slain by a spiny frog (17 damage)
             ... on level 6 of the Lair of Beasts.
             The game lasted 00:38:14 (17976 turns).

HEYYEYAAE the Bludgeoner (Troll Berserker)         Turns: 17976, Time: 00:38:15

Health: -4/122     AC: 12    Str: 32    XL:     14   Next: 60%
Magic:  0/23       EV: 10    Int:  3    God:    Trog [****..]
Gold:   1194       SH:  0    Dex: 14    Spells: 13/13 levels left

rFire    . . .     SeeInvis +   A - +9 flail (freeze)
rCold    . . .     Gourm    +   i - +2 robe {MR+}
rNeg     . . .     Faith    .   (no shield)
rPois    +         Spirit   +   Q - +2 hat
rElec    .         Reflect  .   W - +2 cloak {rPois}
rCorr    .         Harm     .   (gloves unavailable)
MR       ++...                  (boots unavailable)
Stlth    +++.......             M - amulet of guardian spirit
Regen    0.7/turn               g - ring of the Tortoise {Dex+5 SInv}
                                T - ring of magical power

@: exhausted, slowed, very slow
A: unfitting armour, claws 3, fast metabolism 3, gourmand, regeneration 1,
shaggy fur 1, tough skin 2
a: Berserk, Trog's Hand, Brothers in Arms, Burn Spellbooks, Renounce Religion


You were on level 6 of the Lair of Beasts.
You worshipped Trog.
Trog was greatly pleased with you.
You were not hungry.

You visited 3 branches of the dungeon, and saw 19 of its levels.
You also visited: Labyrinth and Ice Cave.

You collected 1280 gold pieces.
You spent 86 gold pieces at shops.

Inventory:

Hand Weapons
 b - a +0 giant club of electrocution
 k - a +4 antimagic giant club
 q - the +6 giant spiked club of Woe {speed, +Rage rElec}
   (Trog gifted it to you on level 9 of the Dungeon)

   Attacks with this weapon are significantly faster.
   It insulates you from electricity.
   It lets you go berserk.
 A - a +9 flail of freezing (weapon)
Missiles
 I - 3 large rocks (quivered)
Armour
 i - a +2 robe of magic resistance (worn)
 Q - a +2 hat (worn)
 W - a +2 cloak of poison resistance (worn)
 X - a +1 robe of cold resistance
Jewellery
 g - the ring of the Tortoise (right claw) {Dex+5 SInv}
   (You took it off a yaktaur captain on level 11 of the Dungeon)

   [ring of see invisible]

   It affects your dexterity (+5).
   It lets you see invisible.
 G - an uncursed ring of resist corrosion {unknown}
 M - an amulet of guardian spirit (around neck)
 T - a ring of magical power (left claw)
 V - an uncursed ring of ice
Wands
 x - a wand of acid (5/15)
 C - a wand of lightning (5/15)
 J - a wand of enslavement (5/24)
 K - a wand of polymorph (12/24)
 Y - a wand of lightning (9/15)
Scrolls
 e - a scroll of noise {unknown}
 l - 3 scrolls of recharging
 m - 10 scrolls of remove curse
 n - 2 scrolls of teleportation
 p - a scroll of amnesia {unknown}
 s - 2 scrolls of magic mapping
 t - 2 scrolls of immolation
 y - a scroll of silence {unknown}
 E - a scroll of enchant weapon
 F - 3 scrolls of enchant armour
 H - 2 scrolls of vulnerability
 O - a scroll of holy word
 S - a scroll of fog
Potions
 a - 5 potions of resistance
 j - 2 potions of brilliance
 o - 3 potions of haste
 v - 3 potions of might
 w - 3 potions of magic
 B - a potion of cure mutation {unknown}
 D - 2 potions of ambrosia {unknown}
 L - 2 potions of flight {unknown}
 P - a potion of agility {unknown}
 R - 2 potions of curing
Books
 f - a book of Transfigurations

   Spells                             Type                      Level
   a - Irradiate                      Conjuration/Transmutation    5
   b - Statue Form                    Transmutation/Earth          6
   c - Hydra Form                     Transmutation                6
   d - Dragon Form                    Transmutation                7
   Trog disapproves of the use of such an item.
Comestibles
 c - 10 bread rations
 d - 3 fruits
 h - 10 meat rations
 u - 8 royal jellies


   Skills:
 + Level 3.6 Fighting
 * Level 20.1 Maces & Flails
 - Level 0.5 Throwing
 - Level 2.4 Dodging
 - Level 5.9 Stealth
 - Level 2.6 Evocations


You had 13 spell levels left.
You didn't know any spells.

Dungeon Overview and Level Annotations

Branches:
Dungeon (12/15)            Temple (1/1) D:6            Lair (6/6) D:10
  Swamp (0/4) Lair:4       Spider (0/4) Lair:3        Slime (0/5) Lair:5
    Orc (0/2) D:9

Altars:
Elyvilon
Gozag
Kikubaaqudgha
Makhleb
Nemelex Xobeh
Okawaru
Ru
Xom
The Shining One

Shops:
D:4 *   D:8 *   D:10 *


Innate Abilities, Weirdness & Mutations

You are too large for most types of armour.
You have claws for hands.
Your metabolism is lightning-fast.
You like to eat raw meat.
Your natural rate of healing is unusually fast.
You are covered in fur. (AC +1)
You have very tough skin. (AC +2)


Message History

A spiny frog comes into view.
Okay, then.
You feel better. The bullfrog hits you. The spiny frog stings you!
* * * LOW HITPOINT WARNING * * *
The bullfrog hits you but does no damage.
The spiny frog stings you but does no damage.
Unknown command.
Unknown command.
Unknown command.
Evoke which item? (* to show all) (? for menu, Esc to quit)
Aiming: Enslavement
Press: ? - help, Shift-Dir - straight line, f - bullfrog
Aim: a bullfrog (chance to defeat MR: 53%)
The bullfrog is charmed.
This wand has 5 charges left.
Your bullfrog barely misses the spiny frog.
The spiny frog stings you!!
* * * LOW HITPOINT WARNING * * *
Your bullfrog hits the spiny frog but does no damage.
The spiny frog stings you!!
You die...

≈≈.P#...##..# #÷#....#
≈PF.#... ...# #.#....#
≈≈.....# P..# ##.#..##
P≈P.... ##..# ###.##
≈≈.≈...###.. #.††#
≈≈......##.########..#
≈P≈..P...#...##......#
≈≈≈.≈..†FF..P....#...##
≈≈P......@............#
##≈...P..†....###.#.#.#
#≈P.......<..## #####.#
#≈≈...........# ###
≈≈..........P##
≈PPPP.......##
≈≈.....##....## ≈P≈≈...
#.#...# ≈...... #..#.##


You could see 2 spiny frogs and a friendly bullfrog.

Vanquished Creatures
  Gastronok (Lair:1)
  A minotaur (Lab)
  2 yaktaur captains (D:11)
  Harold (Lair:1)
  Fannar (Lair:3)
  10 hydras
  Erolcha (D:11)
  A catoblepas (Lair:3)
  4 two-headed ogres
  4 death yaks
  Nergalle (Lair:3)
  Pikel (D:4)
  3 black mambas
  An ice statue (IceCv)
  Joseph (D:8)
  Psyche (D:8)
  12 spiny frogs
  3 rime drakes
  A yaktaur (D:11)
  5 komodo dragons
  A meliai (D:12)
  3 trolls
  11 polar bears
  A jumping spider (Lair:3)
  A hornet (D:10)
  2 tyrant leeches
  18 blink frogs
  Prince Ribbit (D:9)
  8 hippogriffs
  4 slime creatures (Lair:5)
  40 yaks
  2 redbacks (Lair:3)
  A wyvern (Lair:4)
  A human (D:10)
  2 hungry ghosts
  Grum (D:8)
  4 hogs (D:10)
  3 basilisks
  A steam dragon (D:11)
  3 vampire mosquitoes
  Menkaure (D:7)
  A soldier ant (D:12)
  The ghost of DEFE the Ducker, an amateur DEAK of Lugonu (D:3)
  8 water moccasins
  6 porcupines
  A black bear (D:10)
  An ice beast (shapeshifter) (D:11)
  2 phantoms
  7 orc warriors
  3 ice beasts
  2 slaves (D:4)
  2 sky beasts
  An eye of draining (D:11)
  2 necrophages
  7 ogres
  6 centaurs
  20 wolves
  13 crocodiles
  3 big kobolds (D:9)
  22 bullfrogs
  6 gnoll sergeants
  A wyvern skeleton (D:11)
  5 scorpions
  14 killer bees
  6 wights
  An electric eel (Lair:3)
  2 lava snakes (Lair:3)
  6 crimson imps
  2 bullfrog zombies
  2 hounds
  16 orc priests
  Crazy Yiuf (D:7)
  3 jellies
  10 orc wizards
  4 bullfrog skeletons
  3 iguanas
  15 worker ants
  23 gnolls
  20 adders
  3 shadow imps
  An ooze (D:4)
  3 worms
  2 dart slugs
  6 leopard geckos
  44 orcs
  6 giant cockroaches
  7 goblins
  7 hobgoblins
  21 jackals
  6 quokkas
  A ball python (D:8)
  12 bats
  3 frilled lizards
  12 kobolds
  A leopard gecko zombie (D:4)
  A quokka skeleton (D:9)
  10 rats
  A fungus (D:1)
559 creatures vanquished.

Vanquished Creatures (collateral kills)
  A white draconian (IceCv)
  A hydra (Lair:6)
  3 death yaks (Lair:6)
  4 spiny frogs (Lair:6)
  A rime drake (IceCv)
  A komodo dragon (Lair:6)
  2 polar bears (IceCv)
  2 meliai (D:12)
  6 blink frogs
  4 yaks
  A vampire mosquito (Lair:5)
  A crocodile (Lair:6)
  A bullfrog (Lair:6)
  8 killer bees (D:12)
36 creatures vanquished.

Vanquished Creatures (others)
  A black mamba (Lair:6)
  A hound (D:6)
  35 fungi
  55 plants
92 creatures vanquished.

Grand Total: 687 creatures vanquished

Notes
Turn   | Place    | Note
-------+----------+-------------------------------------------
     0 | D:1      | HEYYEYAAE the Troll Berserker began the quest for the Orb.
     0 | D:1      | Reached XP level 1. HP: 22/22 MP: 0/0
   117 | D:1      | Reached skill level 3 in Maces & Flails
   143 | D:1      | Reached XP level 2. HP: 29/29 MP: 1/1
   845 | D:2      | Reached XP level 3. HP: 23/36 MP: 2/2
   869 | D:2      | Reached ** piety under Trog
   993 | D:2      | Reached skill level 4 in Maces & Flails
  1732 | D:3      | Reached XP level 4. HP: 44/44 MP: 3/3
  1875 | D:4      | Reached skill level 5 in Maces & Flails
  1927 | D:3      | Reached XP level 5. HP: 50/50 MP: 4/4
  1948 | D:3      | Noticed DEFE's ghost (amateur DEAK)
  1968 | D:3      | Killed DEFE's ghost
  2045 | D:3      | Found a faded altar of an unknown god.
  2107 | D:3      | Reached skill level 6 in Maces & Flails
  2107 | D:3      | Reached XP level 6. HP: 56/59 MP: 5/5
  2171 | D:3      | Reached *** piety under Trog
  2230 | D:3      | Reached skill level 1 in Stealth
  2593 | D:4      | Found Zilenkik's General Store.
  2649 | D:4      | Bought a scroll of teleportation for 36 gold pieces
  2697 | D:4      | Reached skill level 7 in Maces & Flails
  2697 | D:4      | Reached XP level 7. HP: 66/66 MP: 6/6
  2712 | D:4      | Found a sacrificial altar of Ru.
  3212 | D:4      | Noticed Pikel
  3255 | D:4      | Killed Pikel
  3255 | D:4      | Reached skill level 9 in Maces & Flails
  3255 | D:4      | Reached XP level 8. HP: 34/74 MP: 7/7
  3431 | D:5      | Entered Level 5 of the Dungeon
  3772 | D:5      | Reached skill level 10 in Maces & Flails
  4397 | D:5      | Found an opulent altar of Gozag.
  4767 | D:6      | Reached **** piety under Trog
  5006 | D:6      | Reached XP level 9. HP: 77/80 MP: 8/8
  5122 | D:6      | Reached skill level 11 in Maces & Flails
  5285 | D:6      | Found a staircase to the Ecumenical Temple.
  5724 | Temple   | Entered the Ecumenical Temple
  5806 | D:7      | Noticed Menkaure
  5811 | D:7      | Killed Menkaure
  5846 | D:7      | Reached skill level 12 in Maces & Flails
  5879 | D:7      | Found a runed door.
  6141 | D:7      | Reached ***** piety under Trog
  6471 | D:7      | Found a burning altar of Makhleb.
  6472 | D:7      | Found a shimmering altar of Xom.
  6622 | D:7      | Noticed Crazy Yiuf
  6626 | D:7      | Killed Crazy Yiuf
  6688 | D:8      | Noticed Joseph
  6695 | D:8      | Killed Joseph
  6695 | D:8      | Reached XP level 10. HP: 87/87 MP: 9/9
  6874 | D:8      | Reached skill level 13 in Maces & Flails
  6912 | D:8      | Found Zykol's Demolitions Depot.
  6912 | D:8      | Noticed Psyche
  6917 | D:8      | Killed Psyche
  7036 | D:8      | Noticed Grum
  7047 | D:8      | Killed Grum
  7335 | D:9      | Received a gift from Trog
  7338 | D:9      | Got an encrusted giant spiked club {god gift}
  7414 | D:9      | Found a staircase to the Orcish Mines.
  7581 | D:9      | Noticed a two-headed ogre
  7605 | D:9      | Killed a two-headed ogre
  7605 | D:9      | Reached skill level 14 in Maces & Flails
  7654 | D:9      | Reached skill level 1 in Evocations
  7812 | D:9      | Noticed Prince Ribbit
  7812 | D:9      | Noticed a two-headed ogre
  7824 | D:9      | Killed a two-headed ogre
  7824 | D:9      | Reached XP level 11. HP: 31/93 MP: 10/10
  7935 | D:9      | Killed Prince Ribbit
  7948 | D:9      | Identified the +6 giant spiked club of Woe {speed, +Rage rElec} (Trog gifted it to you on level 9 of the Dungeon)
  8067 | D:9      | Noticed a two-headed ogre
  8077 | D:9      | Killed a two-headed ogre
  8115 | D:9      | Found a white marble altar of Elyvilon.
  8231 | D:10     | Entered Level 10 of the Dungeon
  8421 | D:10     | Found Tuofuvam's Assorted Antiques.
  8427 | D:10     | Bought a scroll of identify for 50 gold pieces
  8536 | D:10     | Found a staircase to the Lair.
  8615 | D:10     | Reached skill level 15 in Maces & Flails
  8815 | D:10     | Received a gift from Trog
  9291 | D:11     | Noticed Erolcha
  9334 | D:11     | Killed Erolcha
  9375 | D:11     | Noticed an eight-headed hydra
  9407 | D:11     | Killed an eight-headed hydra
  9448 | D:11     | Received a gift from Trog
  9611 | D:11     | Reached skill level 16 in Maces & Flails
  9700 | D:11     | Noticed a yaktaur captain
  9745 | D:11     | Noticed a two-headed ogre
  9751 | D:11     | Killed a two-headed ogre
  9751 | D:11     | Reached XP level 12. HP: 88/104 MP: 7/12
  9847 | D:11     | Killed a yaktaur captain
  9849 | D:11     | Got a vibrating marble ring
 10087 | D:11     | Identified the ring of the Tortoise {Dex+5 SInv} (You took it off a yaktaur captain on level 11 of the Dungeon)
 10139 | D:11     | Noticed a yaktaur captain
 10147 | D:11     | Killed a yaktaur captain
 10815 | D:12     | HP: 5/104 [killer bee (2)]
 10823 | D:12     | HP: 4/104 [killer bee (4)]
 10903 | Lair:1   | Entered Level 1 of the Lair of Beasts
 10907 | Lair:1   | Got a smoking trident
 10972 | Lair:1   | Noticed Harold
 10987 | Lair:1   | Killed Harold
 10987 | Lair:1   | Reached skill level 17 in Maces & Flails
 11008 | Lair:1   | Noticed a five-headed hydra
 11039 | Lair:1   | Killed a five-headed hydra
 11882 | Lair:1   | Noticed Gastronok
 11945 | Lair:1   | Killed Gastronok
 11945 | Lair:1   | Reached XP level 13. HP: 110/110 MP: 11/13
 11981 | Lair:1   | Received a gift from Trog
 12296 | Lair:2   | Found a labyrinth entrance.
 12320 | Lab      | Entered a labyrinth
 12616 | Lab      | Noticed a minotaur
 12627 | Lab      | Killed a minotaur
 12660 | Lab      | Identified the +3 trident "Dragonbane" {venom, +Inv rC- Int+8 SInv} (You found it on level 1 of the Lair of Beasts)
 12918 | Lair:2   | Reached skill level 5 in Stealth
 13383 | Lair:3   | Reached skill level 18 in Maces & Flails
 13384 | Lair:3   | Noticed Fannar
 13433 | Lair:3   | Killed Fannar
 13475 | Lair:3   | Found a frozen archway.
 13512 | IceCv    | Entered an ice cave
 13650 | IceCv    | Identified the Catalogue of Shifting Snow
 14189 | IceCv    | Noticed a white draconian
 14229 | IceCv    | Killed a white draconian
 14453 | Lair:3   | Received a gift from Trog
 14487 | Lair:3   | Noticed Nergalle
 14493 | Lair:3   | Killed Nergalle
 14519 | Lair:3   | Reached skill level 19 in Maces & Flails
 15101 | Lair:3   | Found a hole to the Spider Nest.
 15530 | Lair:4   | Reached XP level 14. HP: 82/118 MP: 14/14
 15737 | Lair:4   | Found a staircase to the Swamp.
 16559 | Lair:5   | Found a staircase to the Slime Pits.
 16966 | Lair:6   | Entered Level 6 of the Lair of Beasts
 17447 | Lair:6   | HP: 4/118 [spiny frog (21)]
 17823 | Lair:6   | Reached skill level 20 in Maces & Flails
 17976 | Lair:6   | Slain by a spiny frog

Vault maps used:
D:1:      onia_arrival_mini_maze
D:2:      first_bread, nrook_mini_backslash, minmay_tetromino_l4
D:3:      chequers_ecumenical_altar_twisty
D:4:      serial_shops, nicolae_shop_statue_plus, minmay_curled_crystal,
          nicolae_ru_great_annihilating_truth, uniq_pikel
D:5:      lemuel_coloured_pillars_altar
D:6:      temple_green, st_stairs_5, lemuel_flame_loot_1
D:7:      grunt_temple_overflow_champion_of_chaos, uniq_menkaure,
          uniq_crazy_yiuf_cottage
D:8:      glass_columns_b, nicolae_blasting_shop, uniq_joseph, uniq_grum,
          uniq_psyche
D:9:      kennysheep_mini_moat, kennysheep_orc_monster_closet_entryway,
          uniq_prince_ribbit1
D:10:     due_lair_maze_entry_diamond, serial_shops, shop, grunt_livestock
D:11:     minmay_mutant_horseshoe, serial_curves, eino_curves_01,
          eino_curves_02, minmay_tree_intersection, serial_park_tiny_1,
          minmay_misc_feat_pillars, uniq_erolcha
D:12:     special_room, minivault_1, bh_hangedman_babel_library
Temple:   eino_temple_rhombus
Lair:1:   minivault_24, st_stairs_11, uniq_gastronok, uniq_harold
Lair:2:   lab_entry_generic
Lair:3:   spider_nest_entry_funnel_web, portal_ice_cave_rime,
          serial_bayou_shore_b, infiniplex_staircase_pool, uniq_nergalle,
          uniq_fannar
Lair:4:   swamp_mist_pool, grunt_megastairs_5
Lair:5:   minmay_slime_entry_pillars
Lair:6:   minmay_lair_end_frog_pond
Lab:      labyrinth_mini_lab
IceCv:    ice_cave_caverns_03

Skill      XL: |  1  2  3  4  5  6  7  8  9 10 11 12 13 14 |
---------------+-------------------------------------------+-----
Maces & Flails | 3 4 5 6 7 9 10 12 14 16 17 19 20 | 20.1
Stealth        | 1 2 3 4 5 |  5.9
Evocations     | 1 2 |  2.6
Fighting       | 3 |  3.6
Throwing       | |  0.5
Dodging        | |  2.4

Action                   |  1- 3 |  4- 6 |  7- 9 | 10-12 | 13-15 || total
-------------------------+-------+-------+-------+-------+-------++-------
Melee: Mace              |   176 |    42 |       |       |       ||   218
       Flail             |       |    93 |   297 |   629 |   101 ||  1120
       Whip              |       |       |   134 |       |       ||   134
       Giant club        |       |       |       |       |   415 ||   415
Throw: Large rock        |       |       |       |     1 |     2 ||     3
Invok: Berserk           |       |     6 |    11 |    22 |    21 ||    60
       Trog's Hand       |       |       |       |     3 |     4 ||     7
       Brothers in Arms  |       |       |       |     3 |     7 ||    10
Evoke: Wand              |       |       |     1 |    16 |    11 ||    28
  Use: Potion            |       |     4 |       |    10 |     6 ||    20
       Scroll            |       |     1 |    13 |    17 |    15 ||    46
 Stab: Sleeping          |     2 |       |     4 |     8 |     8 ||    22
       Paralysed         |       |       |     1 |     5 |       ||     6
       Invisible         |       |       |       |     1 |       ||     1
       Distracted        |       |       |       |       |     1 ||     1
  Eat: Chunk             |    18 |    18 |    52 |    69 |    73 ||   230
       Royal jelly       |       |       |     1 |       |     2 ||     3
Armor: Animal skin       |    82 |    59 |    23 |       |       ||   164
       Robe              |       |       |   109 |   181 |   230 ||   520
Dodge: Dodged            |   135 |   113 |   163 |   272 |   258 ||   941
